 Dungeon Crawl Stone Soup version 0.31-a0-210-gccc998df9b (webtiles) character file.

Game seed: 9506843194567069329

23 Ekaitz the Sneak (level 2, 0/24 HPs)
             Began as a Naga Hedge Wizard on June 30, 2023.
             Slain by a jackal (3 damage)
             ... on level 2 of the Dungeon.
             The game lasted 00:02:44 (1032 turns).

Ekaitz the Sneak (Naga Hedge Wizard)                Turns: 1032, Time: 00:02:45

Health: 0/24       AC:  1    Str: 12    XL:     2   Next: 95%
Magic:  1/6        EV: 10    Int: 14    God:
Gold:   53         SH:  5    Dex: 10    Spells: 2/7 levels left

rFire   . . .        a - +0 dagger
rCold   . . .        (no shield)
rNeg    . . .        b - +0 robe
rPois   +            c - +0 hat
rElec   .            (no cloak)
rCorr   .            (no gloves)
SInv    +            (no barding)
Will    .....        l - amulet of reflection
Stlth   ++           (no ring)
HPRegen 0.24/turn    (no ring)
MPRegen 0.10/turn

%: reflection
@: very slow
A: AC +0, large, see invisible, deformed body, poison resistance, slowness 2,
spit poison 1, naga tail 1
a: Spit Poison


You were on level 2 of the Dungeon.
You visited 1 branch of the dungeon, and saw 2 of its levels.

You collected 53 gold pieces.

Inventory:

Hand Weapons
 a - a +0 dagger (weapon)
Armour
 b - a +0 robe (worn)
 c - a +0 hat (worn)
Jewellery
 l - an amulet of reflection (around neck)
Scrolls
 e - a scroll of fog {unknown}
 f - a scroll of blinking {unknown}
 j - a scroll of teleportation {unknown}
 k - a scroll of noise {unknown}
 m - a scroll of vulnerability {unknown}
Potions
 d - a potion of magic
 g - 4 potions of ambrosia {unknown}
 h - a potion of might {unknown}
 i - a potion of heal wounds {unknown}
 n - a potion of lignification {unknown}


   Skills:
 * Level 0.6 Fighting
 + Level 2.0 Dodging
 + Level 3.3 Stealth
 + Level 0.1 Shields
 + Level 3.2 Spellcasting
 * Level 1.2 Conjurations
 + Level 1.0 Summonings
 + Level 1.0 Translocations


You had 2 spell levels left.
You knew the following spells:

 Your Spells              Type           Power      Damage    Failure   Level
a - Magic Dart            Conj           20%        1d4       13%         1
b - Call Imp              Summ           10%        N/A       22%         2
k - Blink                 Tloc           10%        N/A       22%         2

Your spell library contained the following spells:

 Spells                   Type           Power      Damage    Failure   Level
 Slow                     Hex            8%         N/A       22%         1
 Cigotuvi's Dreadful Rot  Necr/Pois/Air  4%         N/A       32%         2
 Dazzling Flash           Conj/Hex       6%         N/A       45%         3
 Volatile Blastmotes      Fire/Tloc      6%         2d10      45%         3
 Mephitic Cloud           Conj/Pois/Air  3%         N/A       47%         3
 Ignite Poison            Fire/Tmut/Pois 2%         N/A       54%         3
 Iskenderun's Mystic Bla  Conj/Tloc      5%         2d3       80%         4
 Freezing Cloud           Conj/Ice/Air   1%         6-21      99%         5
 Starburst                Conj/Fire      1%         6d3       100%        6


Dungeon Overview and Level Annotations

Branches:
Dungeon (2/15)

Altars:


Innate Abilities, Weirdness & Mutations

Your serpentine skin is tough. (AC +0)
You have supernaturally acute eyesight. (SInv)
Armour fits poorly on your strangely shaped body.
Your system is resistant to poisons. (rPois)
You cover ground very slowly.
You can spit poison.
You have a snake-like lower body.


Message History

The jackal bites you.
* * * LOW HITPOINT WARNING * * *
The jackal bites you.
* * * LOW HITPOINT WARNING * * *
The jackal bites you but does no damage.
You block the quokka's attack. The jackal barely misses you.
You block the jackal's attack. The jackal bites you.
* * * LOW HITPOINT WARNING * * *
Your cerulean imp hits the jackal but does no damage.
You hit the jackal.
The jackal is heavily wounded.
The quokka barely misses you. The jackal closely misses you. x2
The jackal bites you.
* * * LOW HITPOINT WARNING * * *
You block the quokka's attack.
Your cerulean imp closely misses the jackal.
You hit the jackal but do no damage.
The jackal is heavily wounded.
You block the jackal's attack. x2; The jackal bites you.
* * * LOW HITPOINT WARNING * * *
The quokka barely misses you.
Your cerulean imp closely misses the jackal.
The jackal closely misses you.
You closely miss the jackal.
The jackal is heavily wounded.
The jackal misses you. You block the jackal's attack.
The quokka closely misses you.
The jackal bites you but does no damage. x2
You block the jackal's attack.
Your cerulean imp misses the jackal.
Unknown command.
You hit the jackal but do no damage.
The jackal is heavily wounded.
The jackal closely misses you. x2; The quokka completely misses you.
The jackal completely misses you.
Your cerulean imp hits the jackal but does no damage.
Unknown command.
You miss the jackal.
The jackal is heavily wounded.
The jackal bites you.
You die...

########
#......##
#.#85...##
#...hh...#
#....@h8.#
#....r...#
#..8.....#
#........#
#...###.##
#..> .#
#... .#
#... ..


You could see a quokka, 3 jackals and a friendly cerulean imp (summoned).

Vanquished Creatures
  2 bats (D:1)
  An endoplasm (D:2)
  6 hobgoblins (D:1)
  3 jackals
  4 ball pythons (D:1)
  A kobold (D:1)
  3 rats (D:1)
20 creatures vanquished.

Notes
Turn   | Place    | Note
-------+----------+-------------------------------------------
     0 | D:1      | Ekaitz the Naga Hedge Wizard began the quest for the Orb.
     0 | D:1      | Reached XP level 1. HP: 15/15 MP: 4/4
   368 | D:1      | Reached XP level 2. HP: 22/22 MP: 3/6
   382 | D:1      | Learned a level 2 spell: Call Imp
   385 | D:1      | Learned a level 2 spell: Blink
  1032 | D:2      | Slain by a jackal

Illustrated notes

Levels and vault maps discovered:
D:1:      dpeg_cavernosity, layout_loops_ring
D:2:      kennysheep_big_flooded_room, layout_rooms, grunt_ministairs_1,
          uniq_jessica, uniq_sigmund

Skill      XL: |  1 |
---------------+----+-----
Dodging        | 2 |  2.0
Fighting       | |  0.6
Stealth        | |  3.3
Shields        | |  0.1
Spellcasting   | |  3.2
Conjurations   | |  1.2
Summonings     | |  1.0
Translocations | |  1.0

Action                     || total
---------------------------++-------
  Melee: Dagger            ||    27
   Cast: Magic Dart        ||    27
         Call Imp          ||     3
Ability: Spit Poison       ||     4
   Stab: Sleeping          ||     8
 Armour: Robe              ||     8
  Dodge: Dodged            ||    35
  Block: Other             ||    13

Table legend: (Time is in decaauts)
 A = Elapsed time spent in this place.
 B = Non-inter-level travel time spent in this place.
 C = Inter-level travel time spent in this place.
 D = Time resting spent in this place.
 E = Time spent auto-exploring this place.
 F = Levels seen in this place.
 G = Mean time per level.
                   A        B        C        D        E       F      G
               +--------+--------+--------+--------+--------+-----+--------+
         Total |   1303 |   1251 |     52 |     43 |   1048 |   2 |  651.5 |
       Dungeon |   1303 |   1251 |     52 |     43 |   1048 |   2 |  651.5 |
               +--------+--------+--------+--------+--------+-----+--------+

Top non-repeatable levels by time:
     D:1: 1283 daAuts
     D:2: 20 daAuts
